 Dungeon Crawl Stone Soup version 0.28-a0-429-g1448048969 (webtiles) character file.

Game seed: 8732925212739702252

126 robertstho the Magician (level 5, -7/35 HPs)
             Began as a Djinni Fire Elementalist on Sept 10, 2021.
             Mangled by an orc (8 damage)
             ... on level 4 of the Dungeon.
             The game lasted 00:03:11 (3479 turns).

robertstho the Magician (Djinni Fire Elementalist)  Turns: 3479, Time: 00:03:12

Health: -7/35      AC:  2    Str:  7    XL:     5   Next: 31%
Gold:   160        EV: 12    Int: 18    God:
                   SH:  0    Dex: 13

rFire   + + +      SeeInvis .   b - +0 dagger
rCold   x . .      Faith    .   (no shield)
rNeg    . . .      Spirit   .   a - +0 robe
rPois   ∞          Reflect  .   (no helmet)
rElec   .          Harm     .   (no cloak)
rCorr   .          Rampage  .   (no gloves)
Will    .....                   (boots unavailable)
Stlth   ++........              (no amulet)
HPRegen 0.11/turn               k - ring of protection from fire
MPRegen 0.00/turn               (no ring)

@: flying, hasted, very quick
A: sickness immunity, fire resistance 2, cold vulnerability 1, float, innate
caster, hp casting, extra vitality 1
a: no special abilities


You were on level 4 of the Dungeon.
You visited 1 branch of the dungeon, and saw 4 of its levels.

You collected 160 gold pieces.

Inventory:

Hand Weapons
 b - a +0 dagger (weapon)
Armour
 a - a +0 robe (worn)
Jewellery
 j - a ring of ice
 k - a ring of protection from fire (left hand)
Scrolls
 d - 2 scrolls of identify {unknown}
 f - a scroll of teleportation {unknown}
 l - a scroll of noise {unknown}
 m - a scroll of magic mapping {unknown}
 n - a scroll of immolation {unknown}
 o - a scroll of fear {unknown}
Potions
 c - a potion of might {unknown}
 e - a potion of mutation {unknown}
 g - a potion of degeneration {unknown}


   Skills:
 + Level 0.1 Fighting
 + Level 2.5 Dodging
 + Level 2.5 Stealth
 + Level 3.8 Spellcasting


You couldn't memorise any spells.
You knew the following spells:

 Your Spells              Type           Power      Damage    Failure   Level
a - Foxfire               Conj/Fire      68%        2x1d7     3%          1
b - Scorch                Fire           34%        2d6       4%          2
c - Conjure Flame         Conj/Fire      17%        6-21      9%          3
d - Inner Flame           Hex/Fire       17%        N/A       9%          3
e - Flame Wave            Conj/Fire      17%        3d5       30%         4
f - Beastly Appendage     Tmut           34%        N/A       3%          1
g - Static Discharge      Conj/Air       17%        N/A       4%          2
Your spell library was empty.

Dungeon Overview and Level Annotations

Branches:
Dungeon (4/15)
 Temple: D:4-7

Altars:
Xom


Innate Abilities, Weirdness & Mutations

You are immune to sickness and miasma.
You are immune to poison.
Your flesh is very heat resistant. (rF++)
You are vulnerable to cold. (rC-)
You float through the air rather than walking.
You learn spells naturally, not from books.
Your magical power is your life essence.
You have superior vitality. (+4 HP)


Message History

2 orcs and a skeleton come into view.
An orc priest comes into view. It is wielding a +0 whip.
The orc priest shouts!
The orc shouts!
The orc hits you from afar with a +0 trident!
The orc shouts!
The orc closely misses you.
You barely miss the orc. The orc barely misses you.
You barely miss the orc. You hit the orc.
The orc is moderately wounded.
The orc barely misses you.
Casting: Scorch (safe; 4% risk of failure)
Confirm with . or Enter, or press ? or * to list all spells.
Flames lash the orc.
You kill the orc!
The orc hits you with a +0 flail.
Casting: Scorch (safe; 4% risk of failure)
Confirm with . or Enter, or press ? or * to list all spells.
Flames lash the howler monkey skeleton.
The howler monkey skeleton is moderately damaged.
The howler monkey skeleton's fire resistance burns away.
The orc closely misses you.
Casting: Scorch (safe; 4% risk of failure)
Confirm with . or Enter, or press ? or * to list all spells.
Flames lash the howler monkey skeleton.
The howler monkey skeleton is burned terribly!
The howler monkey skeleton is severely damaged.
The orc hits you with a +0 flail.
Casting: Scorch (safe; 4% risk of failure)
Confirm with . or Enter, or press ? or * to list all spells.
Flames lash the orc priest but do no damage.
* * * LOW HITPOINT WARNING * * *
The orc hits you with a +0 flail!
* * * LOW HITPOINT WARNING * * *
Casting: Scorch (safe; 4% risk of failure)
Confirm with . or Enter, or press ? or * to list all spells.
You don't know that spell.
It was a potion of haste.
You feel yourself speed up. The orc hits you with a +0 flail!
You die...

###########
#..@oZo....
#.#########
##### #.#
#.... #.#
#.##. #.#
#.... #.#
#..#. #.#
#..#. #.#
#..#. #.#
#..#.


You could see an orc priest, an orc and a howler monkey skeleton (inflammable).

Vanquished Creatures
  A phantom (D:4)
  An adder (D:3)
  A dart slug (D:1)
  An orc (D:4)
  2 ball pythons
  2 bats (D:3)
  3 endoplasms
  4 goblins
  3 hobgoblins
  3 quokkas
  3 frilled lizards
  7 kobolds
  3 rats
34 creatures vanquished.

Vanquished Creatures (others)
  138 foxfires
138 creatures vanquished.

Grand Total: 172 creatures vanquished

Notes
Turn   | Place    | Note
-------+----------+-------------------------------------------
     0 | D:1      | robertstho the Djinni Fire Elementalist began the quest for
                  | the Orb.
     0 | D:1      | Reached XP level 1. HP: 15/15 MP: 0/0
   188 | D:1      | Reached XP level 2. HP: 17/21 MP: 0/0
  1095 | D:1      | Found a faded altar of an unknown god.
  1197 | D:1      | Reached skill level 3 in Spellcasting
  1204 | D:1      | Reached XP level 3. HP: 16/25 MP: 0/0
  1204 | D:1      | Learned a level 1 spell: Beastly Appendage
  1784 | D:2      | Found a shimmering altar of Xom.
  3348 | D:4      | Noticed a phantom
  3362 | D:4      | Killed a phantom
  3363 | D:4      | Reached XP level 4. HP: 26/31 MP: 0/0
  3363 | D:4      | Reached XP level 5. HP: 30/35 MP: 0/0
  3363 | D:4      | Learned a level 2 spell: Static Discharge
  3478 | D:4      | HP: 1/35 [orc (9)]
  3479 | D:4      | Mangled by an orc

Illustrated notes

Levels and vault maps discovered:
D:1:      giann_horns, layout_loops_corners, ebering_ecumenical_altar_mist,
          nrook_mini_vaults, minmay_misc_feat_alley
D:2:      layout_loops_ring, serial_glass, glass_columns_a, glass_columns_b,
          basic_altar
D:3:      layout_basic
D:4:      layout_basic

Skill      XL: |  1  2  3 |
---------------+----------+-----
Spellcasting   | 3 |  3.8
Stealth        | 2 |  2.5
Fighting       | |  0.1
Dodging        | |  2.5

Action                   |  1- 3 |  4- 6 || total
-------------------------+-------+-------++-------
Melee: Dagger            |       |    11 ||    11
 Cast: Foxfire           |    94 |       ||    94
       Scorch            |     2 |     4 ||     6
  Use: Potion            |     1 |     1 ||     2
Armor: Robe              |     2 |       ||     2
Dodge: Dodged            |    17 |    10 ||    27

Table legend: (Time is in decaauts)
 A = Elapsed time spent in this place.
 B = Non-inter-level travel time spent in this place.
 C = Inter-level travel time spent in this place.
 D = Time resting spent in this place.
 E = Time spent auto-exploring this place.
 F = Levels seen in this place.
 G = Mean time per level.
                   A        B        C        D        E       F      G
               +--------+--------+--------+--------+--------+-----+--------+
         Total |   3477 |   3393 |     84 |      0 |   3106 |   4 |  869.2 |
       Dungeon |   3477 |   3393 |     84 |      0 |   3106 |   4 |  869.2 |
               +--------+--------+--------+--------+--------+-----+--------+

Top non-repeatable levels by time:
     D:1: 1473 daAuts
     D:2: 946 daAuts
     D:3: 879 daAuts
     D:4: 177 daAuts
